 Dungeon Crawl Stone Soup version 0.31-a0-221-gbddc013574 (webtiles) character file.

Game seed: 6355885031714311334

53 qw the Shooter (level 3, -7/21 HPs)
             Began as a Gargoyle Hexslinger on July 4, 2023.
             Blown up by Ijyb (16 damage)
             ... with a mindburst bolt
             ... on level 3 of the Dungeon.
             The game lasted 00:00:37 (1847 turns).

qw the Shooter (Gargoyle Hexslinger)                Turns: 1847, Time: 00:00:38

Health: -7/21      AC:  8    Str: 11    XL:     3   Next: 89%
Magic:  4/4        EV: 10    Int: 13    God:
Gold:   27         SH:  0    Dex: 14    Spells: 3/4 levels left

rFire   . . .        Y - +1 sling
rCold   . . .        (no shield)
rNeg    + . .        g - +0 ring mail
rPois   inf          (no helmet)
rElec   +            (no cloak)
rCorr   .            (no gloves)
SInv    .            (no boots)
Will    .....        (no amulet)
Stlth   +            (no ring)
HPRegen 0.23/turn    (no ring)
MPRegen 0.09/turn

%: no passive effects
@: no status effects
A: sickness immunity, AC +3, negative energy resistance 1, electricity
resistance, torment resistance 1, petrification resistance
a: no special abilities


You were on level 3 of the Dungeon.
You visited 1 branch of the dungeon, and saw 3 of its levels.

You collected 27 gold pieces.


Innate Abilities, Weirdness & Mutations

You are immune to sickness and miasma.
Your stone body is resilient. (AC +3)
You are immune to poison.
You resist negative energy. (rN+)
You are resistant to electric shocks. (rElec)
You are resistant to unholy torment.
You are immune to petrification.


   Skills:
 - Level 2.0 Fighting
 + Level 3.7 Ranged Weapons
 - Level 1.5 Dodging
 - Level 1.0 Spellcasting
 - Level 2.6 Hexes


You had 3 spell levels left.
You knew the following spells:

 Your Spells              Type           Power      Damage    Failure   Level
a - Slow                  Hex            28%        N/A       22%         1

Your spell library contained the following spells:

 Spells                   Type           Power      Damage    Failure   Level
 Inner Flame              Hex/Fire       4%         N/A       75%         3
 Portal Projectile        Hex/Tloc       8%         N/A       75%         3
 Cause Fear               Hex            3%         N/A       92%         4

Inventory:

Hand Weapons
 Y - a +1 sling (weapon)
Armour
 g - a +0 ring mail (worn)
Scrolls
 a - 3 scrolls of teleportation
 b - a scroll of identify
Potions
 e - a potion of curing
 i - a potion of attraction {unknown}

Dungeon Overview and Level Annotations

Branches:
Dungeon (3/15)

Altars:

Shops:
D:2 ?

Annotations:
D:3 Ijyb


Message History

Ijyb the Twisted Goblin comes into view.
She is wielding a +0 dagger of protection, wearing a +2 ring mail of poison resistance and carrying a wand of mindburst (13).
1834 ||| Stepping ~*~*~tactically~*~*~ (outnumbered).
You shoot a sling bullet. The sling bullet hits Ijyb.
Ijyb is lightly wounded.
You shoot a sling bullet.
The sling bullet hits the dart slug but does no damage.
The dart slug is severely wounded.
The dart slug launches a dart at you. The slug dart misses you.
You shoot a sling bullet. The sling bullet hits the dart slug!
You kill the dart slug!
You shoot a sling bullet. The sling bullet hits Ijyb.
Ijyb is lightly wounded.
Ijyb screams, "You nasty!
Big nasty!"
You shoot a sling bullet. The sling bullet hits Ijyb.
Ijyb is moderately wounded.
Ijyb closely misses you.
Ijyb zaps a wand.
Your mind is blasted!
Ouch! That really hurt!
You shoot a sling bullet. The sling bullet hits Ijyb.
Ijyb is heavily wounded.
Ijyb hits you with a +0 dagger of protection.
You shoot a sling bullet. The sling bullet hits Ijyb.
Ijyb is heavily wounded.
Ijyb hits you but does no damage.
You shoot a sling bullet. The sling bullet barely misses Ijyb.
Ijyb screams, "Me stronger than you!"
Ijyb hits you with a +0 dagger of protection.
Ijyb hits you but does no damage.
You shoot a sling bullet. The sling bullet closely misses Ijyb.
Ijyb hits you but does no damage.
You shoot a sling bullet. The sling bullet closely misses Ijyb.
Ijyb barely misses you. Ijyb hits you but does no damage.
You shoot a sling bullet. The sling bullet barely misses Ijyb.
Ijyb hits you but does no damage.
You shoot a sling bullet. The sling bullet closely misses Ijyb.
Ijyb completely misses you.
You shoot a sling bullet. The sling bullet barely misses Ijyb.
Ijyb zaps a wand.
Your mind is blasted!
Ouch! That really hurt!
You die...

....... #....
...... .....
..).. .$...
w..##... ..
..........
#.#.##..#.
#.###g....¤¤¤.
#....@....¤~¤~
#####.....¤¤..
###........~.~
#.....#....~.~
#.#####.#....~.~
.............~.~
.......<.....~.~
#.#####)..#..~..
#.####.~~


You could see Ijyb.

Vanquished Creatures
  A dart slug (D:3)
  An orc (D:3)
  5 ball pythons
  7 endoplasms
  4 giant cockroaches
  4 goblins
  6 hobgoblins (D:1)
  4 quokkas
  5 bats
  A frilled lizard (D:1)
  2 kobolds
  3 rats
43 creatures vanquished.

Notes
Turn   | Place    | Note
-------+----------+-------------------------------------------
     0 | D:1      | qw the Gargoyle Hexslinger began the quest for the Orb.
     0 | D:1      | Reached XP level 1. HP: 12/12 MP: 2/2
     0 | D:1      | 0 ||| qw: Version: 0.3-a-41-g9d075ac
     0 | D:1      | 0 ||| qw: Game counter: 753
     0 | D:1      | 0 ||| qw: Melee chars always use a shield: true
     0 | D:1      | 0 ||| qw: God list: Okawaru
     0 | D:1      | 0 ||| qw: Allow faded altars: false
     0 | D:1      | 0 ||| qw: Do Orc after clearing Dungeon:15 true
     0 | D:1      | 0 ||| qw: Do second Lair branch before Depths: true
     0 | D:1      | 0 ||| qw: Lair rune preference: random
     0 | D:1      | 0 ||| qw: Goals: Normal
     0 | D:1      | 0 ||| PLANNING D:1-11
   110 | D:1      | Found a faded altar of an unknown god.
   116 | D:1      | Reached XP level 2. HP: 15/16 MP: 3/3
   179 | D:1      | Reached skill level 3 in Ranged Weapons
   441 | D:1      | Reached XP level 3. HP: 21/21 MP: 4/4
   843 | D:1      | 843 ||| UPGRADING to +0 ring mail.
   853 | D:1      | 853 ||| DROPPING +0 robe.
   854 | D:1      | 854 ||| READING 3 scrolls labelled MEANIEL UFOWA.
   857 | D:1      | 857 ||| READING scroll labelled HALESHR HI YMI.
   858 | D:1      | 858 ||| READING scroll labelled GOR ZAQUNATUC.
   859 | D:1      | 859 ||| READING scroll labelled DACAOCEYHI.
   860 | D:1      | 860 ||| READING scroll labelled PUNABY GEINALU.
   961 | D:1      | 961 ||| DROPPING scroll of poison.
   980 | D:2      | 980 ||| FLEEEEING.
  1117 | D:2      | Found Ateatui's Magic Scroll Shoppe.
  1125 | D:2      | 1125 ||| SHOPLISTING scroll of identify (28 gold, have 16).
  1125 | D:2      | 1125 ||| SHOPLISTING scroll of teleportation (42 gold, have
                  | 16).
  1748 | D:2      | 1748 ||| READING scroll labelled QIUHOAHUID.
  1749 | D:2      | 1749 ||| DRINKING 2 clear potions.
  1792 | D:3      | 1792 ||| STAIRDANCE
  1833 | D:3      | Noticed Ijyb
  1834 | D:3      | 1834 ||| Stepping ~*~*~tactically~*~*~ (outnumbered).
  1847 | D:3      | Blown up by Ijyb

Levels and vault maps discovered:
D:1:      elethiomel_arrival_maze, layout_loops_ring,
          hellmonk_ecumenical_altar_leap_of_faith
D:2:      layout_basic, serial_shops, shop, chequers_serial_rivers_micro_d
D:3:      layout_basic, mainiacjoe_overflow_concentric_impassable, serial_shops,
          nicolae_shop_hallway_stairs, uniq_ijyb

Skill      XL: |  1  2 |
---------------+-------+-----
Ranged Weapons | 3 |  3.7
Fighting       | 2 |  2.0
Dodging        | |  1.5
Spellcasting   | |  1.0
Hexes          | |  2.6

Action                     || total
---------------------------++-------
   Fire: Sling             ||   148
    Use: Scroll            ||     6
         Potion            ||     1
 Armour: Robe              ||    12
         Ring mail         ||     9
  Dodge: Dodged            ||    44

Table legend:
 A = Non-vault XP
 B = Vault XP
 C = Vault XP percentage of total XP
 D = Non-vault monster count
 E = Vault monster count
 F = Vault count percentage of total count
                 A         B        C        D         E       F
            +---------+---------+-------+---------+---------+-------
      Total |      77 |       0 |   0.0 |      43 |       0 |   0.0
            +---------+---------+-------+---------+---------+-------
        D:1 |      54 |       0 |   0.0 |      31 |       0 |   0.0
        D:2 |      13 |       0 |   0.0 |       8 |       0 |   0.0
        D:3 |      10 |       0 |   0.0 |       4 |       0 |   0.0
            +---------+---------+-------+---------+---------+-------
